 Dungeon Sprint DCSS version 0.22.2-1-ge965b3a (webtiles) character file.

3500000 Fang the Conqueror (level 22, -27/212 HPs)
             Began as a Demonspawn Gladiator on Apr 3, 2019.
             Was the Champion of Makhleb.
             Annihilated by a large bag of meat
             ... wielding a +9 giant spiked club
              (104 damage)
             ... in the Dungeon (Sprint VIII: "Arena of Blood").
             The game lasted 00:00:44 (35 turns).

Fang the Conqueror (Demonspawn Gladiator)             Turns: 35, Time: 00:00:45

Health: -27/212    AC: 12    Str: 23    XL:     22   Next: 87%
Magic:  0/53       EV: 32    Int: 10    God:    Makhleb [******]
Gold:   0          SH:  0    Dex: 16    Spells: 75/75 levels left

rFire    . . .     SeeInvis .   l - +∞ Axe of Woe
rCold    . . .     Gourm    .   (shield currently unavailable)
rNeg     + . .     Faith    .   b - +0 leather armour
rPois    .         Spirit   +   c - +0 helmet
rElec    .         Reflect  .   (no cloak)
rCorr    +         Harm     .   (gloves unavailable)
MR       +....     NoTele   +   (no boots)
Stlth    +++++++++.             (no amulet)
HPRegen  0.45/turn              (no ring)
MPRegen  0.66/turn              (no ring)

@: no status effects
A: claws 3, yellow scales 3, foul stench 1, negative energy resistance 1, 50%
torment resistance, magic shield, magic regeneration, magic link, rot immunity
a: Minor Destruction, Lesser Servant of Makhleb, Major Destruction, Greater
Servant of Makhleb, Renounce Religion


You were in the Dungeon.
You worshipped Makhleb.
Makhleb was exalted by your worship.
You were not hungry.

You visited 1 branch

Inventory:

Hand Weapons
 a - a +0 war axe
 l - the +∞ Axe of Woe (weapon)
   (You found it in the Dungeon)
Missiles
 d - 3 throwing nets (quivered)
Armour
 b - a +0 leather armour (worn)
 c - a +0 helmet (worn)
Scrolls
 k - a scroll of blinking
Potions
 e - a potion of curing
 g - a potion of heal wounds
 h - a potion of haste
 i - 2 potions of magic
 j - a potion of berserk rage
Comestibles
 f - a ration


   Skills:
 O Level 27 Fighting
 O Level 27 Axes
 O Level 27 Throwing
 O Level 27 Armour
 O Level 27 Dodging
 O Level 27 Stealth
 O Level 27 Unarmed Combat
 O Level 27 Spellcasting
 O Level 27 Invocations


You had 75 spell levels left.
You didn't know any spells.
Your spell library was empty.

Dungeon Overview and Level Annotations

Branches:
Dungeon (1/1)

Altars:
Makhleb


Innate Abilities, Weirdness & Mutations

You have claws for hands.
You are completely covered in yellow scales. (AC +4, rCorr)
You may emit foul miasma when damaged in melee.
You resist negative energy. (rN+)
You are somewhat able to resist unholy torments (1 in 2 success).
When hurt, damage is shared between your health and your magic reserves.
You regenerate magic rapidly.
When low on magic, you restore magic in place of health.
You are immune to rotting.


Message History

You hear a shout! x6
The meat berserker hits you with a +9 battleaxe.
The meat berserker looks sick.
A meat berserker comes into view. It is wielding a +9 battleaxe.
You hear a shout! x2
The meat berserker hits you with a +9 battleaxe.
You hear a shout!
The bag of meat misses you.
The destroyer appears out of thin air!
A destroyer comes into view.
It is wielding a +9 great sword of slicing.
The destroyer appears out of thin air!
A destroyer comes into view.
It is wielding a +9 great sword of slicing.
You hear a shout!
The eight-headed meat hydra roars!
You hear two shouts!
The destroyer shouts!
You hear a shout!
The meat berserker rages.
You hear a shout!
The large bag of meat hits you with a +9 giant spiked club!!!!
The destroyer shouts!
The large bag of meat hits you with a +9 giant spiked club!!!!
You die...

##.... .= ..
...... . ..
......##. #.##
........ .....
###...V.##.##..
...............
..........#.#..
.......@.O.....
#.....O........
.#....ooO...o..
.......o.......
...O..)))...Oo.
.....#)§)V...#.
.....#)§§§...# .
D..###.))§...###..
......))###.......


You could see an eight-headed meat hydra, 2 destroyers, a large bag of meat
(inner flame), 4 meat berserkers and 5 bags of meat.

Vanquished Creatures
  A vampire knight (D)
  6 ogres (D)
  A two-headed ogre (D)
  27 orcs (D)
35 creatures vanquished.

Notes
Turn   | Place    | Note
-------+----------+-------------------------------------------
     0 | D        | Found the +∞ Axe of Woe
     0 | D        | Fang the Demonspawn Gladiator began the quest for the Orb.
     0 | D        | Reached XP level 1. HP: 16/16 MP: 1/1
     2 | D        | Noticed a bag of meat
     2 | D        | Noticed a bag of meat
     6 | D        | Became a worshipper of Makhleb the Destroyer
     8 | D        | Noticed a bag of meat
     8 | D        | Noticed a bag of meat
     8 | D        | Noticed a bag of meat
     9 | D        | Noticed a bag of meat
     9 | D        | Noticed a meat berserker
    10 | D        | Killed a bag of meat
    10 | D        | Gained mutation: When hurt, damage is shared between your
                  | health and your magic reserves. [demonic ancestry]
    10 | D        | Reached XP level 2. HP: 43/43 MP: 2/2
    10 | D        | Gained mutation: You are partially covered in yellow
                  | scales. (AC +2) [demonic ancestry]
    10 | D        | Reached XP level 3. HP: 49/49 MP: 3/3
    10 | D        | Gained mutation: You have sharp fingernails. [demonic
                  | ancestry]
    10 | D        | Reached XP level 4. HP: 56/56 MP: 4/4
    10 | D        | Gained mutation: You have very sharp fingernails. [demonic
                  | ancestry]
    10 | D        | Reached XP level 5. HP: 62/62 MP: 5/5
    10 | D        | Gained mutation: You regenerate magic rapidly. [demonic
                  | ancestry]
    10 | D        | Reached XP level 6. HP: 69/69 MP: 6/6
    10 | D        | Gained mutation: You are mostly covered in yellow scales.
                  | (AC +3) [demonic ancestry]
    10 | D        | Reached XP level 7. HP: 75/75 MP: 7/7
    10 | D        | Gained mutation: You are immune to rotting. [demonic
                  | ancestry]
    10 | D        | Reached XP level 8. HP: 82/82 MP: 8/8
    10 | D        | Gained mutation: You may emit foul miasma when damaged in
                  | melee. [demonic ancestry]
    10 | D        | Reached XP level 9. HP: 88/88 MP: 9/9
    10 | D        | Gained mutation: You have claws for hands. [demonic
                  | ancestry]
    10 | D        | Reached XP level 10. HP: 95/95 MP: 10/10
    10 | D        | Reached XP level 11. HP: 101/101 MP: 11/11
    10 | D        | Noticed a bag of meat
    10 | D        | Noticed a bag of meat
    11 | D        | Noticed a bag of meat
    12 | D        | Noticed a bag of meat
    12 | D        | Noticed a bag of meat
    12 | D        | Noticed a large bag of meat
    12 | D        | Noticed a bag of meat
    13 | D        | Noticed a meat berserker
    13 | D        | Noticed a meat berserker
    14 | D        | Killed a bag of meat
    14 | D        | Reached * piety under Makhleb
    14 | D        | Reached skill level 15 in Axes
    14 | D        | Reached skill level 15 in Throwing
    14 | D        | Reached skill level 15 in Dodging
    14 | D        | Reached XP level 12. HP: 105/113 MP: 10/12
    14 | D        | Killed a meat berserker
    14 | D        | Gained mutation: When low on magic, you restore magic in
                  | place of health. [demonic ancestry]
    14 | D        | Reached XP level 13. HP: 116/125 MP: 10/13
    14 | D        | Reached XP level 14. HP: 124/133 MP: 10/14
    14 | D        | Killed a bag of meat
    15 | D        | Killed a bag of meat
    15 | D        | Reached ** piety under Makhleb
    15 | D        | Reached XP level 15. HP: 141/144 MP: 8/15
    15 | D        | Noticed a meat berserker
    17 | D        | Killed a meat berserker
    17 | D        | Reached *** piety under Makhleb
    17 | D        | Reached XP level 16. HP: 137/159 MP: 7/16
    17 | D        | Reached XP level 17. HP: 169/169 MP: 7/17
    17 | D        | Noticed a meat berserker
    18 | D        | Killed a meat berserker
    18 | D        | Reached **** piety under Makhleb
    19 | D        | Reached skill level 27 in Fighting
    20 | D        | Reached XP level 18. HP: 182/182 MP: 8/18
    20 | D        | Noticed a meat berserker
    21 | D        | Noticed a destroyer
    22 | D        | Reached ***** piety under Makhleb
    22 | D        | Reached skill level 27 in Axes
    22 | D        | Reached skill level 27 in Throwing
    22 | D        | Reached skill level 27 in Dodging
    22 | D        | Reached skill level 5 in Armour
    22 | D        | Reached skill level 5 in Unarmed Combat
    22 | D        | Reached skill level 5 in Spellcasting
    22 | D        | Killed a meat berserker
    22 | D        | Reached skill level 10 in Armour
    22 | D        | Reached skill level 10 in Unarmed Combat
    22 | D        | Reached skill level 10 in Spellcasting
    22 | D        | Gained mutation: You resist negative energy. (rN+) [demonic
                  | ancestry]
    22 | D        | Reached XP level 19. HP: 176/189 MP: 8/33
    23 | D        | Killed a meat berserker
    23 | D        | Reached skill level 15 in Armour
    23 | D        | Reached skill level 15 in Unarmed Combat
    23 | D        | Reached skill level 15 in Spellcasting
    24 | D        | Noticed a large bag of meat
    25 | D        | Killed a meat berserker
    25 | D        | Gained mutation: You are somewhat able to resist unholy
                  | torments (1 in 2 success). [demonic ancestry]
    25 | D        | Reached XP level 20. HP: 197/197 MP: 10/41
    25 | D        | Killed a large bag of meat
    26 | D        | Reached ****** piety under Makhleb
    26 | D        | Reached skill level 27 in Invocations
    26 | D        | Reached XP level 21. HP: 204/204 MP: 8/45
    26 | D        | Killed a destroyer
    28 | D        | Gained mutation: You are completely covered in yellow
                  | scales. (AC +4, rCorr) [demonic ancestry]
    28 | D        | Reached XP level 22. HP: 212/212 MP: 10/50
    29 | D        | Reached skill level 27 in Stealth
    31 | D        | Reached skill level 27 in Armour
    31 | D        | Reached skill level 27 in Unarmed Combat
    31 | D        | Reached skill level 27 in Spellcasting
    34 | D        | Noticed a destroyer
    34 | D        | Noticed a destroyer
    35 | D        | Annihilated by a large bag of meat

Skill      XL: |  1  2  3  4  5  6  7  8  9 10 11 12 13 14 15 16 17 18 19 20 21 22 |
---------------+-------------------------------------------------------------------+-----
Fighting       | 14 16 19 21 24 25 27 | 27.0
Axes           | 13 15 18 19 22 23 26 27 | 27.0
Throwing       | 13 15 18 19 22 23 26 27 | 27.0
Dodging        | 13 15 18 19 22 23 26 27 | 27.0
Armour         | 10 17 20 24 27 | 27.0
Stealth        | 11 18 22 26 27 | 27.0
Unarmed Combat | 10 17 20 24 27 | 27.0
Spellcasting   | 10 17 20 24 27 | 27.0
Invocations    | 14 22 27 | 27.0

Action                   |  1- 3 |  4- 6 |  7- 9 | 10-12 | 13-15 | 16-18 | 19-21 | 22-24 || total
-------------------------+-------+-------+-------+-------+-------+-------+-------+-------++-------
Melee: Executioner's axe |     1 |       |       |     1 |     2 |     4 |     4 |     2 ||    14
Armor: Leather armour    |       |       |       |       |       |       |     1 |       ||     1
Dodge: Dodged            |       |       |       |       |       |     1 |       |     2 ||     3
